 Dungeon Crawl Stone Soup version 0.23-a0-483-g32a748b514 (webtiles) character file.

12609 Hxbwjdbjkwsadvkkvk the Unseen (level 11, -1/54 HPs)
             Began as a Spriggan Enchanter on Nov 30, 2018.
             Was a High Priest of Dithmenos.
             Slain by an orc priest
             ... wielding a +0 hand axe
              (2 damage)
             ... on level 10 of the Dungeon.
             The game lasted 00:37:24 (14799 turns).

Hxbwjdbjkwsadvkkvk the Unseen (Spriggan Enchanter) Turns: 14799, Time: 00:37:27

Health: -1/54      AC:  4    Str:  6    XL:     11   Next: 64%
Magic:  17/24      EV: 25    Int: 24    God:    Dithmenos [*****.]
Gold:   776        SH:  0    Dex: 18    Spells: 13/27 levels left

rFire    . . .     SeeInvis +   i - +3 dagger (venom)
rCold    + . .     Gourm    .   (shield restricted)
rNeg     + . .     Faith    .   e - +2 robe {rN+}
rPois    .         Spirit   .   (helmet restricted)
rElec    .         Reflect  .   (no cloak)
rCorr    .         Harm     .   (gloves unavailable)
MR       ++...                  (boots unavailable)
Stlth    ++++++++++             (no amulet)
HPRegen  0.18/turn              c - ring of protection from cold
MPRegen  0.19/turn              A - ring of protection from magic

@: brilliant, slowed, wreathed by umbra, studying Crossbows, quick
A: very small, unfitting armour, horns 1, see invisible, agile 1, herbivore,
speed 3, slow metabolism 2
a: Shadow Step, Shadow Form, Renounce Religion


You were on level 10 of the Dungeon.
You worshipped Dithmenos.
Dithmenos was extremely pleased with you.
You were not hungry.

You visited 1 branch of the dungeon, and saw 11 of its levels.
You also visited: Sewer.

You collected 1151 gold pieces.
You spent 375 gold pieces at shops.

Inventory:

Hand Weapons
 i - a +3 dagger of venom (weapon)
 G - the +7 trident "Delomm" {pierce, rN+}
   (You took it off a spriggan on level 10 of the Dungeon)

   It inflicts extra damage upon your enemies.
   It protects you from negative energy.
Missiles
 a - 2 throwing nets (quivered)
 z - 107 bolts
Armour
 e - a +2 robe of positive energy (worn)
Jewellery
 c - a ring of protection from cold (left hand)
 v - a cursed amulet of inaccuracy {unknown}
 x - an uncursed ring of ice
 A - a ring of protection from magic (right hand)
 I - an uncursed amulet of regeneration {unknown}
Wands
 b - a wand of disintegration (18)
 l - a wand of paralysis (8)
 u - a wand of random effects (9)
Scrolls
 f - 8 scrolls of remove curse
 g - a scroll of enchant armour
 k - 2 scrolls of fog
 w - a scroll of fear
 y - a scroll of amnesia
 B - a scroll of magic mapping
 C - a scroll of blinking
 D - 2 scrolls of teleportation
 H - a scroll of brand weapon
Potions
 d - 4 potions of curing
 h - a potion of brilliance
 j - 3 potions of haste
 m - a potion of heal wounds
 n - 9 potions of lignification
 o - 4 potions of might
 p - a potion of berserk rage {unknown}
 r - a potion of mutation
 t - 2 potions of invisibility
 E - 2 potions of cancellation {unknown}
 F - a potion of agility {unknown}
Books
 s - a manual of Crossbows
Comestibles
 q - 10 rations


   Skills:
 + Level 4.8 Fighting
 + Level 6.6 Short Blades
 + Level 9.3 Dodging
 + Level 17.7 Stealth
 + Level 8.9 Spellcasting
 + Level 9.2 Hexes


You had 13 spell levels left.
You knew the following spells:

 Your Spells              Type           Power        Failure   Level  Hunger
a - Ensorcelled Hibernat  Hex/Ice        #####.       1%          2    None
b - Corona                Hex            ######.      1%          1    None
c - Confuse               Hex            ######..     1%          3    None
d - Tukima's Dance        Hex            ######..     1%          3    None
e - Dazzling Spray        Conj/Hex       #####.       1%          3    None
f - Blink                 Tloc           N/A          1%          2    None

Your spell library contained the following spells:

 Spells                   Type           Power        Failure   Level  Hunger
 Magic Dart               Conj           ####         1%          1    None
 Call Imp                 Summ           ####....     1%          2    None
 Slow                     Hex            ######..     1%          2    None
 Conjure Flame            Conj/Fire      ####....     2%          3    None
 Mephitic Cloud           Conj/Pois/Air  ####....     2%          3    None
 Irradiate                Conj/Tmut      ####......   17%         5    ####...
 Hydra Form               Tmut           ####......   61%         6    ######.
 Statue Form              Tmut/Erth      ####.....    61%         6    ######.
 Dragon Form              Tmut           ####......   97%         7    #######


Dungeon Overview and Level Annotations

Branches:
Dungeon (11/15)            Temple (0/1) D:6            Lair (0/6) D:10
    Orc (0/2) D:9

Altars:
Cheibriados
Dithmenos
Elyvilon
Gozag
Hepliaklqana
Makhleb
Nemelex Xobeh
Qazlal
Trog
Wu Jian
Xom
Zin

Shops:
D:5 !   D:6 *   D:9 [*

Annotations:
D:10 Rrauwl's ghost, journeyman HOMo


Innate Abilities, Weirdness & Mutations

You are very small and have problems with some larger weapons.
You are too small for most types of armour.
You have supernaturally acute eyesight. (SInv)
You are a herbivore.
You cover ground extremely quickly.
You need to consume almost no food.
You have a pair of small horns on your head.
You are agile. (Dex +2)


Message History

The freezing wraith resists with significant effort.
Your shadow mimicks your spell!
The freezing wraith easily resists.
The orc priest completely misses you. The freezing wraith hits you.
The freezing wraith freezes you! You resist.
* * * LOW HITPOINT WARNING * * *
The freezing wraith closely misses you.
You feel much better. The freezing wraith hits you!
The freezing wraith freezes you! You resist.
* * * LOW HITPOINT WARNING * * *
The freezing wraith misses you. The orc priest completely misses you.
The freezing wraith completely misses you.
The freezing wraith misses you. The orc priest completely misses you.
You feel clever all of a sudden.
The freezing wraith completely misses you.
The freezing wraith hits you!
* * * LOW HITPOINT WARNING * * *
The freezing wraith drains your vigour!
You feel as though you will be slow longer.
The orc priest hits you with a +0 hand axe.
You die...

############# #...........#
#.###...###.#
#.##.....##.#############
#.#.......#.............#
#.#.......##............#
#..........#............#
#..........#o...........###
#.....>....@W...........'.#
##.....).............>..#.#
#........[#............#.##
##..P....##............#...
#.......##.....)......###.
##.....###...[........# #.
##...###.......[((...# ##
##......#######'#####
######## #.).#


You could see a freezing wraith and an orc priest.

Vanquished Creatures
  Harold (D:8)
  A hydra (D:9)
  Erica (D:8)
  3 two-headed ogres
  Urug (D:10)
  Pikel (D:6)
  A phantasmal warrior (D:10)
  An ugly thing (D:11)
  Joseph (D:9)
  Psyche (D:10)
  2 trolls
  A hornet (D:8)
  A hippogriff (D:10)
  3 yaks (D:9)
  2 spriggans (D:10)
  A hungry ghost (D:11)
  2 soldier ants
  3 wargs (D:10)
  A water moccasin (D:8)
  A swamp drake (D:9)
  5 orc warriors
  An eye of draining (D:8)
  2 ice beasts
  A black bear (D:10)
  A wolf (D:10)
  4 ogres
  3 centaurs
  A big kobold (D:8)
  5 bullfrogs
  2 scorpions
  4 wights (D:8)
  6 crimson imps
  A jelly (D:8)
  A quasit (D:10)
  12 orc priests
  A hound (D:8)
  A centaur skeleton (D:7)
  15 orc wizards
  A bullfrog skeleton (D:10)
  Jessica (D:2)
  2 iguanas
  6 worker ants
  3 killer bee zombies
  A worker ant zombie (D:5)
  11 adders
  6 gnolls
  4 river rats
  4 shadow imps
  2 adder zombies
  A worm (D:4)
  11 dart slugs
  5 leopard geckos
  38 orcs
  4 giant cockroaches
  9 goblins
  6 hobgoblins
  9 jackals
  12 kobolds
  2 quokkas
  9 ball pythons
  A ball python skeleton (D:4)
  6 bats
  9 frilled lizards
  A leopard gecko skeleton (D:4)
  13 rats
272 creatures vanquished.

Vanquished Creatures (others)
  An orc (D:9)
  2 fungi (D:10)
  A plant (D:10)
4 creatures vanquished.

Grand Total: 276 creatures vanquished

Notes
Turn   | Place    | Note
-------+----------+-------------------------------------------
     0 | D:1      | Hxbwjdbjkwsadvkkvk the Spriggan Enchanter began the quest
                  | for the Orb.
     0 | D:1      | Reached XP level 1. HP: 9/9 MP: 5/5
   355 | D:1      | Reached XP level 2. HP: 7/13 MP: 4/7
   359 | D:1      | Learned a level 2 spell: Ensorcelled Hibernation
   886 | D:1      | Reached XP level 3. HP: 16/16 MP: 9/9
   891 | D:1      | Learned a level 3 spell: Confuse
   895 | D:1      | Learned a level 3 spell: Tukima's Dance
  2304 | D:2      | Found a shadowy altar of Dithmenos.
  2311 | D:2      | Became a worshipper of Dithmenos the Shadowed
  2320 | D:2      | Noticed Jessica
  2350 | D:2      | Killed Jessica
  2350 | D:2      | Reached skill level 5 in Hexes
  2350 | D:2      | Reached XP level 4. HP: 14/21 MP: 4/11
  2633 | D:2      | Learned a level 3 spell: Dazzling Spray
  2907 | D:2      | Found a shimmering altar of Xom.
  3139 | D:3      | Found an ornate altar of the Wu Jian Council.
  3142 | D:3      | Found a glowing silver altar of Zin.
  3490 | D:3      | Found a glowing drain.
  3504 | Sewer    | Entered a sewer
  3681 | Sewer    | Reached XP level 5. HP: 17/24 MP: 3/13
  3980 | Sewer    | Reached * piety under Dithmenos
  4018 | Sewer    | Reached skill level 5 in Stealth
  4402 | D:3      | Reached skill level 6 in Stealth
  5257 | D:4      | Found a bloodstained altar of Trog.
  5495 | D:4      | Reached ** piety under Dithmenos
  5501 | D:4      | Reached skill level 7 in Stealth
  5501 | D:4      | Reached XP level 6. HP: 28/28 MP: 8/14
  6166 | D:4      | Found a burning altar of Makhleb.
  6270 | D:4      | Learned a level 2 spell: Blink
  6287 | D:5      | Entered Level 5 of the Dungeon
  6308 | D:5      | Reached skill level 8 in Stealth
  6338 | D:5      | Got a crude long sword
  6339 | D:5      | Identified the +6 long sword "Vofengie" {slice, Dex+3 SInv
                  | Stlth+} (You found it on level 5 of the Dungeon)
  6371 | D:5      | Reached skill level 9 in Stealth
  6621 | D:5      | Found Qiyfus's Distillery.
  6625 | D:5      | Bought a potion of degeneration for 14 gold pieces
  6625 | D:5      | Bought a potion of heal wounds for 70 gold pieces
  6625 | D:5      | Bought a potion of invisibility for 112 gold pieces
  6661 | D:5      | Reached XP level 7. HP: 32/32 MP: 15/15
  6672 | D:5      | Reached skill level 10 in Stealth
  6922 | D:5      | Reached skill level 11 in Stealth
  7131 | D:5      | Found a hazy altar of Hepliaklqana.
  7131 | D:5      | Found a white marble altar of Elyvilon.
  7132 | D:5      | Found a stormy altar of Qazlal.
  7232 | D:6      | Found Yfady's General Store.
  7429 | D:6      | Noticed Pikel
  7440 | D:6      | Killed Pikel
  7440 | D:6      | Reached skill level 13 in Stealth
  7440 | D:6      | Reached XP level 8. HP: 32/36 MP: 9/16
  7551 | D:6      | Reached skill level 14 in Stealth
  7579 | D:6      | Found a staircase to the Ecumenical Temple.
  7594 | D:6      | Found a snail-covered altar of Cheibriados.
  7984 | D:7      | Reached *** piety under Dithmenos
  8258 | D:7      | Reached skill level 15 in Stealth
  8436 | D:7      | Reached XP level 9. HP: 37/39 MP: 10/17
  8557 | D:7      | Identified a scroll of acquirement
  8601 | D:7      | Gained mutation: You are agile. (Dex +2) [potion of
                  | mutation]
  8601 | D:7      | Gained mutation: You have a pair of small horns on your
                  | head. [potion of mutation]
  8619 | D:7      | Reached skill level 5 in Spellcasting
  8735 | D:8      | Reached skill level 16 in Stealth
  8957 | D:8      | Reached skill level 1 in Fighting
  9195 | D:8      | Reached **** piety under Dithmenos
  9864 | D:8      | Noticed a troll
  9894 | D:8      | Killed a troll
  9894 | D:8      | Reached skill level 5 in Dodging
 10076 | D:8      | Noticed Erica
 10091 | D:8      | Killed Erica
 10280 | D:8      | Reached XP level 10. HP: 37/47 MP: 3/20
 10871 | D:8      | Noticed Harold
 10884 | D:8      | Killed Harold
 10931 | D:8      | Found an opulent altar of Gozag.
 10932 | D:8      | Found a sparkling altar of Nemelex Xobeh.
 11057 | D:9      | Found Koemmisk's Assorted Antiques.
 11070 | D:9      | Bought a bubbling cyan potion for 25 gold pieces
 11070 | D:9      | Bought a scroll of identify for 56 gold pieces
 11070 | D:9      | Bought a scroll of magic mapping for 98 gold pieces
 11347 | D:9      | Noticed Joseph
 12038 | D:9      | Killed Joseph
 12094 | D:9      | Found a staircase to the Orcish Mines.
 12102 | D:9      | Reached skill level 17 in Stealth
 12123 | D:9      | Reached skill level 5 in Short Blades
 12348 | D:9      | Noticed a two-headed ogre
 12376 | D:9      | Killed a two-headed ogre
 12669 | D:9      | Noticed a five-headed hydra
 12675 | D:9      | Killed a five-headed hydra
 12675 | D:9      | Reached XP level 11. HP: 53/53 MP: 23/23
 12836 | D:9      | Found Losecsei's Armour Boutique.
 12881 | D:10     | Entered Level 10 of the Dungeon
 12933 | D:10     | Found a runed door.
 12934 | D:10     | Noticed Rrauwl's ghost (journeyman HOMo)
 12945 | D:10     | Identified the +7 trident "Delomm" {pierce, rN+}
 12946 | D:10     | Noticed Psyche
 12960 | D:10     | Killed Psyche
 13244 | D:10     | Noticed Urug
 13257 | D:10     | Killed Urug
 13257 | D:10     | Reached ***** piety under Dithmenos
 13313 | D:10     | Noticed a two-headed ogre
 13319 | D:10     | Killed a two-headed ogre
 13401 | D:10     | Found a staircase to the Lair.
 14623 | D:11     | Noticed a purple ugly thing
 14628 | D:11     | Killed a purple ugly thing
 14687 | D:11     | Noticed a two-headed ogre
 14690 | D:11     | Killed a two-headed ogre
 14694 | D:11     | Noticed a phantasmal warrior
 14695 | D:11     | Noticed a phantasmal warrior
 14712 | D:10     | Killed a phantasmal warrior
 14799 | D:10     | HP: 1/54 [freezing wraith[a death knight] (13)]
 14799 | D:10     | Slain by an orc priest

Vault maps used:
D:1:      giann_wishing_wells, minmay_tromino_v7
D:2:      tgw_xom, old_standard_altar, uniq_jessica
D:3:      kennysheep_slugbush, chequers_temple_overflow_statue_of_worship,
          portal_sewer_entry_e, first_ration
D:4:      wad_lake_hut, bloody_trog, kennysheep_mini_moat,
          minmay_close_crescents
D:5:      gammafunk_temple_overflow_claw, serial_shops, nicolae_shop_stone,
          minmay_manual_mail
D:6:      cheibriados_altar_1, temple_pool_b, serial_shops, shop, uniq_pikel
D:8:      grunt_temple_overflow_opulence, uniq_erica, uniq_harold
D:9:      erik_orc_1, serial_shops, shop, nicolae_shop_overgrown_old_shop,
          lemuel_another_geyser, uniq_joseph
D:10:     erik_lair_orcish_takeover, ebering_ghost_funeral_grove, uniq_urug,
          uniq_psyche
D:11:     grunt_tengu_nest, uniq_erolcha
Sewer:    sewer_co_cracked_pipes

Skill      XL: |  1  2  3  4  5  6  7  8  9 10 11 |
---------------+----------------------------------+-----
Spellcasting   | 3 4 6 7 8 |  8.9
Hexes          | 4 5 6 8 9 |  9.2
Stealth        | 7 9 13 15 16 17 | 17.7
Fighting       | 2 4 |  4.8
Short Blades   | 3 5 6 |  6.6
Dodging        | 5 8 9 |  9.3

Action                   |  1- 3 |  4- 6 |  7- 9 | 10-12 || total
-------------------------+-------+-------+-------+-------++-------
Melee: Dagger            |   142 |   244 |   177 |   185 ||   748
       Long sword        |       |     5 |       |       ||     5
       Headbutt          |       |       |    10 |    23 ||    33
 Cast: Corona            |     9 |     2 |       |       ||    11
       Ensorcelled Hiber |    17 |    58 |    36 |    48 ||   159
       Confuse           |     2 |     4 |    10 |    19 ||    35
       Dazzling Spray    |       |     2 |    19 |    14 ||    35
       Tukima's Dance    |       |       |     3 |     2 ||     5
Evoke: Wand              |       |       |     2 |       ||     2
  Use: Scroll            |     6 |     9 |     5 |     3 ||    23
       Potion            |     1 |     5 |     5 |     3 ||    14
 Stab: Sleeping          |    14 |    43 |    37 |    38 ||   132
       Distracted        |     1 |       |       |     1 ||     2
       Confused          |       |     1 |     5 |     9 ||    15
       Invisible         |       |       |     5 |     6 ||    11
  Eat: Ration            |       |     4 |     3 |     2 ||     9
Armor: Robe              |    27 |    31 |     6 |    15 ||    79
Dodge: Dodged            |   140 |   278 |   134 |   160 ||   712
       Rpst.: Long sword |       |     1 |       |       ||     1

Table legend:
 A = Non-vault XP
 B = Vault XP
 C = Vault XP percentage of total XP
 D = Non-vault monster count
 E = Vault monster count
 F = Vault count percentage of total count
                 A         B        C        D         E       F
            +---------+---------+-------+---------+---------+-------
      Total |   11591 |    6423 |  35.7 |     188 |      84 |  30.9
            +---------+---------+-------+---------+---------+-------
        D:1 |      45 |       3 |   6.2 |      22 |       3 |  12.0
        D:2 |      43 |      63 |  59.4 |      10 |       7 |  41.2
        D:3 |      66 |      84 |  56.0 |      18 |      18 |  50.0
        D:4 |      28 |      18 |  39.1 |       7 |       2 |  22.2
        D:5 |     270 |     372 |  57.9 |      15 |       5 |  25.0
        D:6 |     257 |     697 |  73.1 |       6 |       1 |  14.3
        D:7 |     937 |       0 |   0.0 |      26 |       0 |   0.0
        D:8 |    2203 |    1671 |  43.1 |      40 |       2 |   4.8
        D:9 |    3404 |    1049 |  23.6 |      17 |      17 |  50.0
       D:10 |    2424 |    2407 |  49.8 |      17 |      13 |  43.3
       D:11 |    1914 |       0 |   0.0 |      10 |       0 |   0.0
      Sewer |       0 |      59 | 100.0 |       0 |      16 | 100.0
            +---------+---------+-------+---------+---------+-------
